 Dungeon Sprint DCSS version 0.21-a0-270-g8204059 (webtiles) character file.

3389 Kidiri the Eclecticist (level 9, 0/55 HPs)
             Began as a Deep Elf Fire Elementalist on Sept 13, 2017.
             Was a Priest of Vehumet.
             Slain by an unseen horror (2 damage)
             ... in the Dungeon (Sprint III: "The Ten Rune Challenge").
             The game lasted 00:06:53 (1271 turns).

Kidiri the Eclecticist (Deep Elf Fire Elementalist) Turns: 1271, Time: 00:06:53

Health: 0/55       AC:  3    Str:  5    XL:     9   Next: 74%
Magic:  16/30      EV: 18    Int: 24    God:    Vehumet [***...]
Gold:   35         SH:  0    Dex: 15    Spells: 18/39 levels left

rFire    . . .     SeeInvis .   s - +0 dagger
rCold    + . .     Gourm    .   (no shield)
rNeg     . . .     Faith    .   k - +1 robe {MR+}
rPois    +         Spirit   .   (no helmet)
rElec    .         Reflect  .   (no cloak)
rCorr    .         Harm     .   (no gloves)
MR       +....     NoTele   +   (no boots)
Stlth    ++........             (no amulet)
HPRegen  0.18/turn              (no ring)
MPRegen  0.22/turn              (no ring)

@: no status effects
A: cold resistance 1, mutation resistance 1, poison resistance, wild magic 1
a: Renounce Religion


You were in the Dungeon.
You worshipped Vehumet.
Vehumet was most pleased with you.
You were hungry.

You visited 1 branch You collected 35 gold pieces.

Inventory:

Hand Weapons
 s - a +0 dagger (weapon)
Armour
 k - a +1 robe of magic resistance (worn)
 q - a +1 troll leather armour {Snorg}
Wands
 b - a wand of confusion (22/48)
Scrolls
 i - a scroll of blinking
 l - 2 scrolls of holy word
 m - a scroll of identify
 n - a scroll of remove curse
Potions
 a - a potion of mutation
 d - 3 potions of curing
 f - a potion of haste
 g - 2 potions of magic
 h - a potion of berserk rage
 o - 4 potions of flight
Comestibles
 c - 2 bread rations
 p - 2 royal jellies
 t - 8 chunks of flesh


   Skills:
 + Level 5.9 Fighting
 + Level 7.1 Short Blades
 + Level 5.8 Armour
 + Level 9.0 Dodging
 - Level 2.4 Stealth
 * Level 15.7 Spellcasting
 + Level 9.8 Conjurations
 + Level 10.2 Fire Magic


You had 18 spell levels left.
You knew the following spells:

 Your Spells              Type           Power        Failure   Level  Hunger
a - Flame Tongue          Conj/Fire      #####        1%          1    None
b - Throw Flame           Conj/Fire      ######       1%          2    None
c - Conjure Flame         Conj/Fire      ######..     1%          3    None
d - Inner Flame           Hex/Fire       ######..     1%          3    None
e - Ignite Poison         Fire/Tmut/Pois #####...     1%          3    None
f - Sticky Flame          Conj/Fire      ######..     1%          4    None
g - Fireball              Conj/Fire      ######....   1%          5    ##.....


Dungeon Overview and Level Annotations

Branches:
Dungeon (1/1)

Altars:
Cheibriados
Dithmenos
Elyvilon
Fedhas
Gozag
Hepliaklqana
Kikubaaqudgha
Makhleb
Nemelex Xobeh
Okawaru
Qazlal
Ru
Sif Muna
Trog
Uskayaw
Vehumet
Wu Jian
Xom
Yredelemnul
Zin
The Shining One
Beogh
Jiyva
Lugonu

Annotations:
D exclusion: door


Innate Abilities, Weirdness & Mutations

Your flesh is cold resistant. (rC+)
You are somewhat resistant to further mutation.
Your system is resistant to poisons. (rPois)
Your spells are a little harder to cast, but a little more powerful.


Message History

Something hits you!
Unknown command.
Casting: Flame Tongue
Confirm with . or Enter, or press ? or * to list all spells.
You ignite the poison in your surroundings!
Something hits you!
* * * LOW HITPOINT WARNING * * *
Unknown command.
Casting: Ignite Poison
Confirm with . or Enter, or press ? or * to list all spells.
Aiming: Sticky Flame
Press: ? - help, Shift-Dir - straight line Something completely misses you.
Unknown command.
You close the door.
Something hits you.
* * * LOW HITPOINT WARNING * * *
Something hits you.
* * * LOW HITPOINT WARNING * * *
Something hits you.
You die...

##### _#__# )#._#
##+## )...# ....#
###'#
#...#+###############
#...#.§§≈≈§§#.'.@.+.#
#...#.#§§§#§#.#...##.#
#...'.#§..#.#.#÷).#
#.#
+...#.#.§§#...#.÷.#
#.#
▓▓▓▓▓▓▓▓▓▓▓▓▓▓▓▓▓▓#
#.# #.# #.# ##


There were no monsters in sight!

Vanquished Creatures
  Snorg (D)
  A centaur warrior (D)
  An unseen horror (D)
  A deep elf mage (D)
  A shadow (D)
  A spatial vortex (D)
  A necrophage (D)
  2 centaurs (D)
  A water elemental (D)
  A jelly (D)
  A wizard (D)
  Jessica (D)
  A necromancer (D)
  3 humans (D)
  A kobold demonologist (D)
  An ooze (D)
  A phantom (D)
  2 rats (D)
22 creatures vanquished.

Vanquished Creatures (others)
  2 draconian scorchers (D)
  6 hellions (D)
  A yaktaur (D)
9 creatures vanquished.

Grand Total: 31 creatures vanquished

Notes
Turn   | Place    | Note
-------+----------+-------------------------------------------
     0 | D        | Kidiri the Deep Elf Fire Elementalist began the quest for the Orb.
     0 | D        | Reached XP level 1. HP: 10/10 MP: 6/6
    13 | D        | Reached skill level 4 in Spellcasting
    90 | D        | Killed a hellion
    90 | D        | Killed a hellion
   103 | D        | Noticed Jessica
   106 | D        | Killed Jessica
   106 | D        | Reached skill level 6 in Spellcasting
   106 | D        | Reached XP level 2. HP: 15/15 MP: 6/11
   106 | D        | Reached XP level 3. HP: 19/19 MP: 6/12
   110 | D        | Learned a level 2 spell: Throw Flame
   114 | D        | Learned a level 3 spell: Conjure Flame
   115 | D        | Killed a hellion
   116 | D        | Killed a hellion
   118 | D        | Learned a level 3 spell: Inner Flame
   140 | D        | Killed a hellion
   150 | D        | Killed a white draconian scorcher
   150 | D        | Killed a hellion
   191 | D        | Reached skill level 7 in Spellcasting
   191 | D        | Reached skill level 5 in Fire Magic
   211 | D        | Gained mutation: You have a pair of small horns on your head. [potion of mutation]
   211 | D        | Gained mutation: You tend to lose your temper in combat. [potion of mutation]
   211 | D        | Gained mutation: You are somewhat resistant to further mutation. [potion of mutation]
   212 | D        | Lost mutation: You have a pair of small horns on your head. [potion of mutation]
   212 | D        | Gained mutation: You are dopey. (Int -2) [potion of mutation]
   212 | D        | Gained mutation: You are partially covered in molten scales. (AC +2) [potion of mutation]
   213 | D        | Lost mutation: You tend to lose your temper in combat. [potion of mutation]
   213 | D        | Lost mutation: You are dopey. (Int -2) [potion of mutation]
   213 | D        | Lost mutation: You are partially covered in molten scales. (AC +2) [potion of mutation]
   213 | D        | Gained mutation: Your spells are a little harder to cast, but a little more powerful. [potion of mutation]
   213 | D        | Gained mutation: Your system is resistant to poisons. (rPois) [potion of mutation]
   213 | D        | Gained mutation: Your flesh is cold resistant. (rC+) [potion of mutation]
   246 | D        | Killed a white draconian scorcher
   303 | D        | Noticed a water elemental
   305 | D        | Killed a water elemental
   305 | D        | Reached skill level 9 in Spellcasting
   305 | D        | Reached skill level 5 in Conjurations
   305 | D        | Reached XP level 4. HP: 24/24 MP: 9/17
   312 | D        | Learned a level 4 spell: Sticky Flame
   356 | D        | Found a radiant altar of Vehumet.
   357 | D        | Noticed a wizard
   357 | D        | Found a deep blue altar of Sif Muna.
   357 | D        | Found an ancient bone altar of Kikubaaqudgha.
   358 | D        | Killed a wizard
   358 | D        | Reached XP level 5. HP: 28/28 MP: 14/19
   361 | D        | Reached skill level 10 in Spellcasting
   378 | D        | Learned a level 5 spell: Fireball
   387 | D        | Became a worshipper of Vehumet
   421 | D        | Found a glowing silver altar of Zin.
   422 | D        | Found a glowing golden altar of the Shining One.
   422 | D        | Found a white marble altar of Elyvilon.
   422 | D        | Noticed a deep elf mage
   433 | D        | Killed a deep elf mage
   433 | D        | Reached skill level 5 in Dodging
   433 | D        | Reached skill level 12 in Spellcasting
   433 | D        | Reached XP level 6. HP: 37/37 MP: 12/23
   433 | D        | Reached XP level 7. HP: 41/41 MP: 12/24
   492 | D        | Killed a yaktaur
   494 | D        | Found an ornate altar of the Wu Jian Council.
   494 | D        | Found a roughly hewn altar of Beogh.
   494 | D        | Found an iron altar of Okawaru.
   494 | D        | Found a bloodstained altar of Trog.
   494 | D        | Found a hide-covered altar of Uskayaw.
   494 | D        | Noticed a human
   496 | D        | Noticed a human
   501 | D        | Killed a human
   502 | D        | Killed a human
   502 | D        | Reached * piety under Vehumet
   502 | D        | Offered knowledge of Freeze by Vehumet.
   598 | D        | Found a basalt altar of Yredelemnul.
   598 | D        | Found a shadowy altar of Dithmenos.
   598 | D        | Found a sacrificial altar of Ru.
   603 | D        | Reached skill level 13 in Spellcasting
   641 | D        | Noticed a shadow
   644 | D        | Killed a shadow
   644 | D        | Reached ** piety under Vehumet
   644 | D        | Offered knowledge of Magic Dart by Vehumet.
   644 | D        | Reached skill level 5 in Short Blades
   644 | D        | Reached XP level 8. HP: 31/48 MP: 21/27
   751 | D        | Found a blossoming altar of Fedhas.
   751 | D        | Found a stormy altar of Qazlal.
   751 | D        | Found a snail-covered altar of Cheibriados.
   751 | D        | Found a burning altar of Makhleb.
   751 | D        | Found a shimmering altar of Xom.
   754 | D        | Found a hazy altar of Hepliaklqana.
   754 | D        | Found an opulent altar of Gozag.
   754 | D        | Found a sparkling altar of Nemelex Xobeh.
   754 | D        | Found a corrupted altar of Lugonu.
   754 | D        | Found a viscous altar of Jiyva.
   821 | D        | Noticed Snorg
   827 | D        | Killed Snorg
   827 | D        | Offered knowledge of Ignite Poison by Vehumet.
   827 | D        | Reached skill level 5 in Fighting
   827 | D        | Reached skill level 5 in Armour
   827 | D        | Reached skill level 14 in Spellcasting
   827 | D        | Reached XP level 9. HP: 34/54 MP: 6/29
   832 | D        | Learned a level 3 spell: Ignite Poison
  1087 | D        | Reached *** piety under Vehumet
  1088 | D        | Noticed a centaur warrior
  1091 | D        | Killed a centaur warrior
  1091 | D        | Offered knowledge of Dazzling Spray by Vehumet.
  1091 | D        | Reached skill level 15 in Spellcasting
  1091 | D        | Reached skill level 10 in Fire Magic
  1256 | D        | Noticed an unseen horror
  1261 | D        | Killed an unseen horror
  1271 | D        | HP: 2/55 [something (6)]
  1271 | D        | Slain by an unseen horror

Vault maps used:
D:        dungeon_sprint_mu

Skill      XL: |  1  2  3  4  5  6  7  8  9 |
---------------+----------------------------+-----
Spellcasting   | 6 9 12 13 14 15 | 15.7
Conjurations   | 3 5 7 8 9 |  9.8
Fire Magic     | 4 5 6 7 8 9 10 | 10.2
Fighting       | 3 4 5 |  5.9
Short Blades   | 3 5 6 7 |  7.1
Armour         | 3 4 5 |  5.8
Dodging        | 5 6 7 9 |  9.0
Stealth        | |  2.4

Action                   |  1- 3 |  4- 6 |  7- 9 || total
-------------------------+-------+-------+-------++-------
Melee: Dagger            |       |       |     2 ||     2
 Cast: Flame Tongue      |    19 |     2 |    30 ||    51
       Conjure Flame     |     1 |       |     2 ||     3
       Throw Flame       |     1 |       |       ||     1
       Sticky Flame      |       |     3 |     7 ||    10
       Inner Flame       |       |       |     1 ||     1
       Fireball          |       |       |     5 ||     5
       Ignite Poison     |       |       |     2 ||     2
  Use: Potion            |     3 |       |     1 ||     4
       Scroll            |     2 |       |       ||     2
 Stab: Sleeping          |       |       |     1 ||     1
  Eat: Chunk             |       |       |     1 ||     1
Armor: Robe              |       |       |     3 ||     3
Dodge: Dodged            |     3 |     2 |    17 ||    22

Table legend:
 A = Spawn XP
 B = Non-spawn XP
 C = Spawn XP percentage of total XP
 D = Spawn monster count
 E = Non-spawn monster count
 F = Spawn count percentage of total count
 G = Total turns spent on level
                    A         B        C        D         E        F      G
               +---------+---------+-------+---------+---------+-------+---------
         Total |       0 |    4842 |   0.0 |       0 |      22 |   0.0 |  1271
               +---------+---------+-------+---------+---------+-------+---------
             D |       0 |    4842 |   0.0 |       0 |      22 |   0.0 |  1271
               +---------+---------+-------+---------+---------+-------+---------
